 Dungeon Crawl Stone Soup version 0.29.1-1-gd02db6906a (webtiles) character file.

Game seed: 8630110016814350665

6 sentinel the Digger (level 2, -1/20 HPs)
             Began as a Meteoran Earth Elementalist on Sept 28, 2022.
             Slain by Terence
             ... wielding a +0 morningstar
              (7 damage)
             ... on level 2 of the Dungeon.
             The game lasted 00:01:03 (181 turns).

sentinel the Digger (Meteoran Earth Elementalist)    Turns: 181, Time: 00:01:03

Health: -1/20      AC:  2    Str:  9    XL:     2   Next: 11%
Magic:  4/6        EV: 12    Int: 16    God:
Gold:   0          SH:  0    Dex: 14    Spells: 2/6 levels left

rFire   . . .      SeeInvis .   (no weapon)
rCold   . . .      Faith    .   (no shield)
rNeg    . . .      Spirit   .   a - +0 robe
rPois   .          Reflect  .   (no helmet)
rElec   .          Harm     .   (no cloak)
rCorr   .          Rampage  .   (no gloves)
Will    .....                   (no boots)
Stlth   +.........              (no amulet)
HPRegen 0.06/turn               (no ring)
MPRegen 0.10/turn               (no ring)

@: glowing
A: sense surroundings 1, otherworldly, glowing, explore regen
a: no special abilities


You were on level 2 of the Dungeon.
You visited 1 branch of the dungeon, and saw 2 of its levels.

Inventory:

Armour
 a - a +0 robe (worn)
Jewellery
 d - a ring of fire
Potions
 b - 2 potions of magic
 c - a potion of resistance {unknown}
 e - a potion of curing {unknown}
 f - a potion of heal wounds {unknown}


   Skills:
 - Level 2.4 Dodging
 - Level 1.4 Stealth
 + Level 2.7 Spellcasting
 * Level 0.2 Conjurations
 + Level 0.1 Translocations
 - Level 1.2 Transmutations
 + Level 4.1 Earth Magic


You had 2 spell levels left.
You knew the following spells:

 Your Spells              Type           Power      Damage    Failure   Level
a - Sandblast             Erth           30%        2d9       3%          1
c - Passwall              Tmut/Erth      8%         N/A       10%         2
g - Apportation           Tloc           4%         N/A       19%         1

Your spell library contained the following spells:

 Spells                   Type           Power      Damage    Failure   Level
 Necrotise                Necr           8%         1d4       19%         1
 Summon Small Mammal      Summ           8%         N/A       19%         1
 Stone Arrow              Conj/Erth      18%        3d8       24%         3
 Petrify                  Tmut/Erth      10%        N/A       54%         4


Dungeon Overview and Level Annotations

Branches:
Dungeon (2/15) Zot: 1014

Altars:

Annotations:
D:2 Terence


Innate Abilities, Weirdness & Mutations

You passively map a small area around you.
You are easily found by Zot.
You glow in the dark.
You regain HP and MP as you explore.


Message History

Unknown command.
You can't see any susceptible monsters within range! (Use Z to cast anyway.) Unknown command.
You can't see any susceptible monsters within range! (Use Z to cast anyway.) Unknown command.
No target in view!
No target in view!
You can't see any susceptible monsters within range! (Use Z to cast anyway.) Unknown command.
You can't see any susceptible monsters within range! (Use Z to cast anyway.) Unknown command.
You can't see any susceptible monsters within range! (Use Z to cast anyway.) Unknown command.
You can't see any susceptible monsters within range! (Use Z to cast anyway.) Unknown command.
Found a stone staircase leading down.
Unknown command.
Magic restored.
There is a stone staircase leading down here.
You open the door.
There is an open door here.
Found 6 stones.
Unknown command.
There is an open door here.
A quokka comes into view.
The quokka moves out of view.
Unknown command.
A rat comes into view.
Found an emerald potion.
Unknown command.
But you're not safe!
Unknown command.
You hit the rat but do no damage. The rat bites you but does no damage.
You barely miss the rat.
The rat twitches its whiskers.
The rat barely misses you.
The blast of sand hits the rat!
You kill the rat!
The quokka bites you.
Unknown command.
The blast of sand hits the quokka!
You kill the quokka!
Your Earth Magic skill increases to level 4!
Unknown command.
You can't see any susceptible monsters within range! (Use Z to cast anyway.) Unknown command.
You can't see any susceptible monsters within range! (Use Z to cast anyway.) Unknown command.
No target in view!
No target in view!
You can't see any susceptible monsters within range! (Use Z to cast anyway.) Unknown command.
You can't see any susceptible monsters within range! (Use Z to cast anyway.) Unknown command.
You can't see any susceptible monsters within range! (Use Z to cast anyway.) Unknown command.
You can't see any susceptible monsters within range! (Use Z to cast anyway.) Unknown command.
No target in view!
No target in view!
You can't see any susceptible monsters within range! (Use Z to cast anyway.) Unknown command.
You can't see any susceptible monsters within range! (Use Z to cast anyway.) Unknown command.
You can't see any susceptible monsters within range! (Use Z to cast anyway.) Unknown command.
You can't see any susceptible monsters within range! (Use Z to cast anyway.) Unknown command.
HP restored.
Things that are here:
a quokka corpse; a rat corpse
e - an emerald potion Unknown command.
A frilled lizard comes into view.
The frilled lizard hisses angrily.
Unknown command.
But you're not safe!
Unknown command.
But you're not safe!
Unknown command.
But you're not safe!
Unknown command.
Found an escape hatch in the floor.
The blast of sand hits the frilled lizard!
You kill the frilled lizard!
You have reached level 2!
You can't see any susceptible monsters within range! (Use Z to cast anyway.) Unknown command.
You can't see any susceptible monsters within range! (Use Z to cast anyway.) Unknown command.
You can't see any susceptible monsters within range! (Use Z to cast anyway.) Unknown command.
No target in view!
No target in view!
You can't see any susceptible monsters within range! (Use Z to cast anyway.) Unknown command.
You can't see any susceptible monsters within range! (Use Z to cast anyway.) Unknown command.
You can't see any susceptible monsters within range! (Use Z to cast anyway.) Unknown command.
You can't see any susceptible monsters within range! (Use Z to cast anyway.) Unknown command.
No target in view!
No target in view!
You can't see any susceptible monsters within range! (Use Z to cast anyway.) Unknown command.
You can't see any susceptible monsters within range! (Use Z to cast anyway.) Unknown command.
You can't see any susceptible monsters within range! (Use Z to cast anyway.) Unknown command.
You can't see any susceptible monsters within range! (Use Z to cast anyway.) Unknown command.
You pick up a book of Cantrips and begin reading...
You add the spells Necrotise, Summon Small Mammal and Apportation to your library.
Unknown command.
Found a ring mail.
Unknown command.
Saving game... please wait.
Welcome back, sentinel the Meteoran Earth Elementalist.
Press ? for a list of commands and other information.
Memorise Passwall, consuming 2 spell levels and leaving 3?
You start memorising the spell.
You continue memorising. x2
You finish memorising.
Spell assigned to 'c'.
Memorise Apportation, consuming 1 spell level and leaving 2?
You start memorising the spell.
You continue memorising.
You finish memorising.
Spell assigned to 'g'.
f - a lumpy golden potion A ball python comes into view.
The ball python hisses angrily.
You miscast Sandblast.
You are very lightly contaminated with residual magic.
Nothing appears to happen.
The blast of sand hits the ball python!
You kill the ball python!
There is an escape hatch in the floor here.
You slide downwards.
The hatch slams shut behind you.
Magic restored.
Terence shouts!
You hear an angry hiss. x2
Your magical contamination has completely faded away.
Found a ring mail.
Terence attacks as you move away! Terence misses you.
Terence attacks as you move away! Terence hits you with a +0 morningstar!
Casting: Sandblast (safe; 3% risk of failure)
Confirm with . or Enter, or press ? or * to list all spells.
Aiming: Passwall (safe; 10% risk of failure)
Press: ? - help, Dir - move target A rock wall.
Terence hits you with a +0 morningstar!
You begin to meditate on the wall.
You continue meditating on the rock.
Terence hits you with a +0 morningstar!
You die...

, , , .# . , *
.# ..# , , *
#.##.# * * ,
*....# * ,
#,*, ...##
##.######....#
,
*............#
* ,
##[...@.##.#
,* * ,
##...@## , *
##..## ,, , ,
, ### , , , *,
, , * * , * ,
* , * * *


You could see Terence.

Vanquished Creatures
  A ball python (D:1)
  An endoplasm (D:1)
  A quokka (D:1)
  2 frilled lizards (D:1)
  A rat (D:1)
6 creatures vanquished.

Notes
Turn   | Place    | Note
-------+----------+-------------------------------------------
     0 | D:1      | sentinel the Meteoran Earth Elementalist began the quest
                  | for the Orb.
     0 | D:1      | Reached XP level 1. HP: 14/14 MP: 5/5
   127 | D:1      | Reached skill level 4 in Earth Magic
   138 | D:1      | Reached XP level 2. HP: 20/20 MP: 4/6
   152 | D:1      | Learned a level 2 spell: Passwall
   154 | D:1      | Learned a level 1 spell: Apportation
   177 | D:2      | Noticed Terence
   181 | D:2      | Slain by Terence

Illustrated notes

Levels and vault maps discovered:
D:1:      onia_arrival_pyramid, layout_basic, serial_shops, shop
D:2:      layout_loops_ring, serial_shops, shop, skrybe_limestone_x,
          minivault_19, uniq_terence

Skill      XL: |  1 |
---------------+----+-----
Earth Magic    | 4 |  4.1
Dodging        | |  2.4
Stealth        | |  1.4
Spellcasting   | |  2.7
Conjurations   | |  0.2
Translocations | |  0.1
Transmutations | |  1.2

Action                   || total
-------------------------++-------
Melee: Unarmed           ||     2
 Cast: Sandblast         ||     7
       Passwall          ||     1
Armor: Robe              ||     1
Dodge: Dodged            ||     2
